 Dungeon Crawl Stone Soup version 0.27.1-2-g3b301248ec (webtiles) character file.

Game seed: 3495958080274245203

268 iamoutofideas the Covered (level 6, -2/52 HPs)
             Began as a Hill Orc Fighter on Oct 2, 2021.
             Slain by an ogre (24 damage)
             ... on level 4 of the Dungeon.
             The game lasted 00:03:28 (4339 turns).

iamoutofideas the Covered (Hill Orc Fighter)        Turns: 4339, Time: 00:03:28

Health: -2/52      AC: 16    Str: 21    XL:     6   Next: 21%
Magic:  6/6        EV:  8    Int:  8    God:
Gold:   86         SH:  4    Dex: 10    Spells: 5/5 levels left

rFire    + . .     SeeInvis .   a - +0 war axe
rCold    . . .     Faith    .   f - +0 buckler
rNeg     . . .     Spirit   .   l - +3 chain mail {rF+}
rPois    .         Reflect  .   h - +0 helmet
rElec    .         Harm     .   o - +0 cloak
rCorr    .         Rampage  .   e - +0 pair of gloves
Will     .....                  (no boots)
Stlth    ..........             (no amulet)
HPRegen  0.17/turn              (no ring)
MPRegen  0.10/turn              (no ring)

@: no status effects
A: no striking features
a: no special abilities


You were on level 4 of the Dungeon.
You visited 1 branch of the dungeon, and saw 4 of its levels.

You collected 86 gold pieces.

Inventory:

Hand Weapons
 a - a +0 war axe (weapon)
Armour
 b - a +0 scale mail
 c - a +0 kite shield
 e - a +0 pair of gloves (worn)
 f - a +0 buckler (worn)
 h - a +0 helmet (worn)
 l - a +3 chain mail of fire resistance (worn)
 o - a +0 cloak (worn)
Scrolls
 g - a scroll of noise {unknown}
 i - a scroll of magic mapping {unknown}
 k - 2 scrolls of identify {unknown}
 n - 3 scrolls of enchant armour {unknown}
Potions
 d - 3 potions of might
 j - a potion of degeneration {unknown}
 m - a potion of lignification {unknown}


   Skills:
 + Level 4.2 Fighting
 + Level 5.0 Axes
 + Level 5.3 Armour
 + Level 0.4 Dodging
 + Level 0.1 Stealth
 + Level 4.3 Shields


You had 5 spell levels left.
You didn't know any spells.
Your spell library contained the following spells:

 Spells                   Type           Power      Damage    Failure   Level
 Blink                    Tloc           N/A        N/A       99%         2
 Lesser Beckoning         Tloc           0%         N/A       100%        3
 Manifold Assault         Tloc           0%         N/A       100%        5


Dungeon Overview and Level Annotations

Branches:
Dungeon (4/15)
 Temple: D:4-7

Altars:


Message History

Key pressed, stopping explore.
No target in view!
Done exploring.
No target in view!
Done exploring.
No target in view!
Done exploring.
No target in view!
Done exploring.
No target in view!
Done exploring.
(D) Dungeon
Where to? (Enter - D:3, ? - help)
There is an open door here.
There is a stone staircase leading down here.
You climb downwards.
The ogre shouts!
Found a shortbow.
There is a stone staircase leading up here.
An ogre is nearby!
Found 9 gold pieces.
An ogre is nearby!
An ogre is nearby!
An ogre is nearby!
An ogre is nearby!
You hit the ogre.
The ogre is lightly wounded.
The ogre hits you with a +0 giant spiked club!
You barely miss the ogre.
The ogre is lightly wounded.
The ogre closely misses you.
You hit the ogre.
The ogre is lightly wounded.
The ogre hits you with a +0 giant spiked club!!
You are too injured to fight recklessly!
You are too injured to fight recklessly!
You are too injured to fight recklessly!
You are too injured to fight recklessly!
The ogre hits you with a +0 giant spiked club!!
You die...

....# ###...
^....##.#..
.$........#
..........
.........##
..........##
.........).####
......O@......###
.................
.###.............
##....<##....
#.....## ...
#......## #
...###.# ..## #.#
.# ##.


You could see an ogre.

Vanquished Creatures
  Crazy Yiuf (D:2)
  An orc priest (D:3)
  An iguana (D:3)
  Terence (D:3)
  5 gnolls
  4 adders
  A white imp (D:3)
  A dart slug (D:3)
  10 orcs
  6 endoplasms
  A giant cockroach (D:1)
  7 goblins
  A hobgoblin (D:1)
  4 jackals (D:3)
  2 quokkas
  2 bats
  9 frilled lizards
  4 kobolds
  4 rats
65 creatures vanquished.

Vanquished Creatures (others)
  2 fungi (D:2)
  7 plants (D:2)
  5 withered plants (D:1)
14 creatures vanquished.

Grand Total: 79 creatures vanquished

Notes
Turn   | Place    | Note
-------+----------+-------------------------------------------
     0 | D:1      | iamoutofideas the Hill Orc Fighter began the quest for the
                  | Orb.
     0 | D:1      | Reached XP level 1. HP: 19/19 MP: 1/1
    40 | D:1      | Found a faded altar of an unknown god.
   287 | D:1      | Reached XP level 2. HP: 27/27 MP: 2/2
   549 | D:1      | Reached XP level 3. HP: 33/33 MP: 3/3
  1159 | D:2      | You fall into a shaft and drop 1 floor!
  1275 | D:3      | Noticed Terence
  1304 | D:3      | Killed Terence
  1305 | D:3      | Reached XP level 4. HP: 5/40 MP: 4/4
  2178 | D:2      | Reached XP level 5. HP: 45/46 MP: 5/5
  2957 | D:2      | Found a runed translucent door.
  2958 | D:2      | Noticed Crazy Yiuf
  2964 | D:2      | Killed Crazy Yiuf
  3084 | D:3      | Reached skill level 5 in Armour
  3680 | D:3      | Reached XP level 6. HP: 31/52 MP: 6/6
  4072 | D:3      | Reached skill level 5 in Axes
  4339 | D:4      | Slain by an ogre

Illustrated notes

Levels and vault maps discovered:
D:1:      elethiomel_arrival_infinity_welcomes_careful_drivers, layout_basic,
          ebering_ecumenical_altar_petrified
D:2:      layout_loops_corners, minmay_strange_pillars,
          chequers_serial_rivers_marsh, minmay_misc_feat_doors,
          minmay_lizard_king, uniq_crazy_yiuf_cottage
D:3:      layout_basic, roderic_lattice_a, chequers_garden,
          minmay_misc_feat_square, uniq_terence
D:4:      layout_layer_cave, kennysheep_mini_moat, serial_shops, shop_fountains,
          grunt_decor_resistance, minmay_surrounded

Skill      XL: |  1  2  3  4  5  6 |
---------------+-------------------+-----
Armour         | 4 5 |  5.3
Fighting       | 4 |  4.2
Axes           | 3 4 5 |  5.0
Shields        | 4 |  4.3
Dodging        | |  0.4
Stealth        | |  0.1

Action                   |  1- 3 |  4- 6 || total
-------------------------+-------+-------++-------
Melee: War axe           |    87 |   131 ||   218
  Use: Potion            |     1 |       ||     1
Armor: Scale mail        |    49 |       ||    49
       Chain mail        |       |    91 ||    91
Dodge: Dodged            |    40 |    52 ||    92
Block: Kite shield       |     5 |       ||     5
       Buckler           |    23 |    33 ||    56
